 Dungeon Sprint DCSS version 0.17-a0-1646-geb1493d (webtiles) character file.

1066 Kidiri the Covert (level 8, -10/36 HPs)
             Began as a Spriggan Enchanter on Aug 11, 2015.
             Was a Believer of Dithmenos.
             Mangled by Snorg (27 damage)
             ... in the Dungeon (Sprint III: "The Ten Rune Challenge").
             The game lasted 00:07:41 (1063 turns).

Kidiri the Covert (Spriggan Enchanter)              Turns: 1063, Time: 00:07:41

Health: -10/36     AC:  4    Str:  4    XL:     8   Next: 7%
Magic:  13/22      EV: 28    Int: 17    God:    Dithmenos [**....]
Gold:   41         SH:  0    Dex: 18    Spells: 7 memorised, 5 levels left

rFire  . . .     SeeInvis +     a - +1 dagger
rCold  . . .     Clarity  .     b - +1 robe
rNeg   . . .     SustAt   .     (shield restricted)
rPois  .         Gourm    .     (helmet restricted)
rElec  .         Spirit   .     l - +0 cloak
rCorr  .         Warding  .     (gloves unavailable)
rMut   .         NoTele   +     (boots unavailable)
MR     +....                    (no amulet)
Stlth  ++++++++..               (no ring)
                                (no ring)

@: wreathed by umbra, very quick, somewhat resistant to hostile enchantments,
extraordinarily stealthy
A: unfitting armour, see invisible, herbivore 3, speed 3, slow metabolism 2
a: Shadow Step, Renounce Religion


You were in the Dungeon.
You worshipped Dithmenos.
Dithmenos was pleased with you.
You were not hungry.

You visited 1 branch You collected 41 gold pieces.

Inventory:

Hand weapons
 a - a +1 dagger (weapon)
Armour
 b - a +1 robe (worn)
 l - a +0 cloak (worn)
Magical devices
 n - a wand of magic darts (26)
Scrolls
 j - a scroll of blinking
 p - 3 scrolls of remove curse
Potions
 c - a potion of might
 e - 3 potions of curing
 f - a potion of heal wounds
 g - a potion of haste
 h - 2 potions of magic
 i - 2 potions of berserk rage
 k - a potion of invisibility {unknown}
 q - a potion of cure mutation
 r - 2 potions of flight
Books
 m - a book of Clouds

   Spells                             Type                      Level
   a - Mephitic Cloud                 Conjuration/Poison/Air       3
   b - Conjure Flame                  Conjuration/Fire             3
   c - Poisonous Cloud                Conjuration/Poison/Air       6
   d - Freezing Cloud                 Conjuration/Ice/Air          6
   e - Ring of Flames                 Charms/Fire                  7
Comestibles
 d - 2 bread rations
 u - 2 royal jellies


   Skills:
 + Level 6.0 Short Blades
 * Level 11.3 Dodging
 * Level 12.5 Stealth
 * Level 9.7 Spellcasting
 + Level 3.5 Conjurations
 + Level 7.5 Hexes
 + Level 3.9 Ice Magic
 + Level 2.1 Air Magic
 + Level 2.5 Poison Magic
 + Level 2.4 Invocations


You had 5 spell levels left.
You knew the following spells:

 Your Spells              Type           Power        Failure   Level  Hunger
a - Corona                Hex            ####...      1%          1    None
b - Ensorcelled Hibernat  Hex/Ice        ####..       1%          2    None
c - Confuse               Hex            ####....     1%          3    None
d - Tukima's Dance        Hex            ####....     1%          3    None
e - Dazzling Spray        Conj/Hex       ####....     3%          3    None
f - Mephitic Cloud        Conj/Pois/Air  ###.....     10%         3    None
g - Freezing Cloud        Conj/Ice/Air   ###.......   100%        6    ######.


Dungeon Overview and Level Annotations

Branches:
Dungeon (1/1)

Altars:
Cheibriados
Dithmenos
Elyvilon
Fedhas
Gozag
Kikubaaqudgha
Makhleb
Nemelex Xobeh
Okawaru
Qazlal
Ru
Sif Muna
Trog
Vehumet
Xom
Yredelemnul
Zin
The Shining One
Jiyva
Lugonu

Annotations:
D Snorg


Innate Abilities, Weirdness & Mutations

You are tiny and cannot use many weapons and most armour.
You have supernaturally acute eyesight.
You are a herbivore.
You cover ground extremely quickly.
You need consume almost no food.


Message History

Press: ? - help, Shift-Dir - straight line, f/p - Snorg
Aim: Snorg (almost dead, berserk, fast, unusually strong, umbra)
The spray of energy hits Snorg.
Snorg is almost dead.
Snorg rages.
Snorg completely misses you. Snorg closely misses you. Snorg claws you!!
Ouch! That really hurt!
Unknown command.
Snorg rages.
Casting: Dazzling Spray
Confirm with . or Enter, or press ? or * to list all spells.
Aiming: Mephitic Cloud
Press: ? - help, Shift-Dir - straight line, f/p - Snorg
Aim: Snorg (severely wounded, berserk, fast, unusually strong, umbra)
The ball explodes into a vile cloud!
The stinking cloud engulfs Snorg.
Snorg is severely wounded.
Snorg is engulfed in noxious fumes. x2
Snorg bites you!!
Ouch! That really hurt!
You die...

▓▓▓▓▓▓▓▓▓ ▓▓▓
▓<..#...#### ##.######
▓...#......#####..#___#_
▓..##.......#..#..#)..#.
▓##.##.##...#..#..###+#+
##.##.###..##+#..#§.§..
▓#.####@##..###...'.§§..
▓.###§T##..####...#§§§##
▓#..§§§##..###....#.⌠.#_
###..##...##.....#...#_
##..##...T#......#+###_
#..###..##.#..)..#.):#_
#(.# #..#####....#___#_
▓▓▓▓ ▓▓▓▓ ▓▓▓▓▓▓▓▓▓▓▓


You could see Snorg (berserk).

Vanquished Creatures
  A deep elf priest (D)
  A shadow (D)
  A spatial vortex (D)
  A necrophage (D)
  A water elemental (D)
  A jelly (D)
  Crazy Yiuf (D)
  A necromancer (D)
  A wizard (D)
  A kobold demonologist (D)
  3 humans (D)
  An ooze (D)
  3 rats (D)
17 creatures vanquished.

Vanquished Creatures (others)
  2 draconian scorchers (D)
  A yaktaur (D)
  A plant (D)
4 creatures vanquished.

Grand Total: 21 creatures vanquished

Notes
Turn   | Place    | Note
--------------------------------------------------------------
     0 | D        | Kidiri the Spriggan Enchanter began the quest for the Orb.
     0 | D        | Reached XP level 1. HP: 9/9 MP: 5/5
     9 | D        | Reached skill level 5 in Stealth
    80 | D        | Noticed Crazy Yiuf
    83 | D        | Killed Crazy Yiuf
    83 | D        | Reached skill level 5 in Dodging
    83 | D        | Reached skill level 6 in Stealth
    83 | D        | Reached XP level 2. HP: 13/13 MP: 6/8
    83 | D        | Reached XP level 3. HP: 16/16 MP: 7/10
   103 | D        | Learned a level 2 spell: Ensorcelled Hibernation
   111 | D        | Learned a level 3 spell: Confuse
   118 | D        | Killed a yaktaur
   140 | D        | Learned a level 3 spell: Tukima's Dance
   142 | D        | Reached skill level 7 in Stealth
   142 | D        | Reached skill level 5 in Spellcasting
   237 | D        | Killed a white draconian scorcher
   249 | D        | Killed a white draconian scorcher
   451 | D        | Learned a level 3 spell: Dazzling Spray
   481 | D        | Gained mutation: You expend magic power (3 MP) to strengthen your wands. [potion of mutation]
   481 | D        | Gained mutation: You are frail (-10% HP). [potion of mutation]
   481 | D        | Gained mutation: You possess an exceptional clarity of mind. [potion of mutation]
   482 | D        | Lost mutation: You possess an exceptional clarity of mind. [potion of cure mutation]
   482 | D        | Lost mutation: You are frail (-10% HP). [potion of cure mutation]
   482 | D        | Lost mutation: You expend magic power (3 MP) to strengthen your wands. [potion of cure mutation]
   483 | D        | Gained mutation: You have a pair of small horns on your head. [potion of mutation]
   483 | D        | Gained mutation: You possess an exceptional clarity of mind. [potion of mutation]
   483 | D        | Gained mutation: Your magical capacity is low (-10% MP). [potion of mutation]
   619 | D        | Lost mutation: You have a pair of small horns on your head. [potion of cure mutation]
   619 | D        | Lost mutation: Your magical capacity is low (-10% MP). [potion of cure mutation]
   619 | D        | Lost mutation: You possess an exceptional clarity of mind. [potion of cure mutation]
   628 | D        | Noticed a water elemental
   631 | D        | Killed a water elemental
   631 | D        | Reached skill level 8 in Stealth
   631 | D        | Reached skill level 1 in Conjurations
   631 | D        | Reached skill level 5 in Hexes
   631 | D        | Reached skill level 1 in Ice Magic
   631 | D        | Reached XP level 4. HP: 21/21 MP: 10/12
   650 | D        | Noticed a jelly
   651 | D        | Noticed a shadow
   653 | D        | Killed a shadow
   653 | D        | Reached skill level 10 in Stealth
   653 | D        | Reached XP level 5. HP: 24/24 MP: 12/15
   653 | D        | Reached XP level 6. HP: 28/28 MP: 13/17
   657 | D        | Killed a jelly
   662 | D        | Found a stormy altar of Qazlal.
   663 | D        | Noticed a spatial vortex
   663 | D        | Killed a spatial vortex
   663 | D        | Reached skill level 5 in Short Blades
   663 | D        | Reached skill level 11 in Stealth
   664 | D        | Found a sacrificial altar of Ru.
   664 | D        | Found a burning altar of Makhleb.
   664 | D        | Found a viscous altar of Jiyva.
   664 | D        | Found a shimmering altar of Xom.
   664 | D        | Found a shadowy altar of Dithmenos.
   664 | D        | Found a sparkling altar of Nemelex Xobeh.
   664 | D        | Found a corrupted altar of Lugonu.
   664 | D        | Found an opulent altar of Gozag.
   668 | D        | Became a worshipper of Dithmenos the Shadowed
   699 | D        | Found a radiant altar of Vehumet.
   700 | D        | Found a deep blue altar of Sif Muna.
   700 | D        | Found an ancient bone altar of Kikubaaqudgha.
   700 | D        | Noticed a wizard
   701 | D        | Killed a wizard
   701 | D        | Reached skill level 10 in Dodging
   714 | D        | Learned a level 3 spell: Mephitic Cloud
   721 | D        | Learned a level 6 spell: Freezing Cloud
   763 | D        | Found a glowing silver altar of Zin.
   764 | D        | Found a glowing golden altar of the Shining One.
   764 | D        | Found a white marble altar of Elyvilon.
   764 | D        | Noticed a deep elf priest
   766 | D        | Killed a deep elf priest
   766 | D        | Reached skill level 1 in Air Magic
   766 | D        | Reached skill level 1 in Poison Magic
   766 | D        | Reached skill level 1 in Invocations
   766 | D        | Reached XP level 7. HP: 32/32 MP: 18/20
   777 | D        | Found an iron altar of Okawaru.
   778 | D        | Found a bloodstained altar of Trog.
   778 | D        | Noticed a human
   778 | D        | Noticed a human
   780 | D        | Killed a human
   780 | D        | Reached skill level 12 in Stealth
   781 | D        | Killed a human
   795 | D        | Found a basalt altar of Yredelemnul.
   795 | D        | Found a snail-covered altar of Cheibriados.
   795 | D        | Found a blossoming altar of Fedhas.
   795 | D        | Noticed a necrophage
   795 | D        | Noticed a necromancer
   797 | D        | Killed a necrophage
   797 | D        | Acquired Dithmenos's first power
   797 | D        | Reached XP level 8. HP: 36/36 MP: 22/22
   798 | D        | Killed a necromancer
   873 | D        | Noticed Snorg
  1063 | D        | Mangled by Snorg

Vault maps used:
D:        dungeon_sprint_mu

Action                   |  1- 3 |  4- 6 |  7- 9 || total
-------------------------+-------+-------+-------++-------
Melee: Dagger            |    23 |     6 |    13 ||    42
 Cast: Ensorcelled Hiber |     2 |       |     1 ||     3
       Confuse           |     1 |       |       ||     1
       Corona            |     1 |       |       ||     1
       Dazzling Spray    |       |       |     5 ||     5
       Mephitic Cloud    |       |       |     4 ||     4
  Use: Scroll            |     4 |       |       ||     4
       Potion            |     4 |       |       ||     4
 Stab: Sleeping          |     7 |     6 |     5 ||    18
